 Dungeon Crawl Stone Soup version 0.22-a0-558-gc224181 (webtiles) character file.

243 Amnesiac the Charlatan (level 5, -5/25 HPs)
             Began as a Spriggan Artificer on June 27, 2018.
             Killed from afar by an orc wizard (9 damage)
             ... with a magic dart
             ... on level 4 of the Dungeon.
             The game lasted 00:02:46 (1199 turns).

Amnesiac the Charlatan (Spriggan Artificer)         Turns: 1199, Time: 00:02:47

Health: -5/25      AC:  2    Str:  9    XL:     5   Next: 82%
Magic:  11/11      EV: 20    Int: 12    God:
Gold:   62         SH:  0    Dex: 17    Spells: 4/4 levels left

rFire    . . .     SeeInvis +   b - +1 short sword (drain)
rCold    . . .     Gourm    .   (shield restricted)
rNeg     + . .     Faith    .   n - +0 robe
rPois    .         Spirit   .   (helmet restricted)
rElec    .         Reflect  .   (no cloak)
rCorr    .         Harm     .   (gloves unavailable)
MR       .....                  (boots unavailable)
Stlth    ++........             (no amulet)
HPRegen  0.08/turn              l - ring of positive energy
MPRegen  0.12/turn              (no ring)

@: very quick
A: very small, unfitting armour, see invisible, herbivore, speed 3, slow
metabolism 2
a: no special abilities


You were on level 4 of the Dungeon.
You were not hungry.

You visited 1 branch of the dungeon, and saw 4 of its levels.

You collected 62 gold pieces.

Inventory:

Hand Weapons
 a - a +0 hunting sling
 b - a +1 short sword of draining (weapon)
 s - a +0 short sword
Missiles
 j - 40 sling bullets
 p - 53 stones (quivered)
Armour
 n - a +0 robe (worn)
Jewellery
 l - a ring of positive energy (left hand)
Wands
 c - a wand of flame (15)
 d - a wand of enslavement (15)
 e - a wand of random effects (8)
Scrolls
 g - a scroll of fear {!r, unknown}
 i - 2 scrolls of identify {!r, unknown}
 k - 2 scrolls of remove curse {!r, unknown}
 o - a scroll of noise {!r, unknown}
 r - 2 scrolls of teleportation {!r, unknown}
 u - a scroll of enchant armour {!r, unknown}
 v - a scroll of immolation {!r, unknown}
Potions
 h - 2 potions of curing {!q, unknown}
 m - a potion of magic {!q, unknown}
 q - a potion of mutation {!q, unknown}
 t - a potion of berserk rage {!q, unknown}
Comestibles
 f - 3 rations


   Skills:
 - Level 1.0 Fighting
 * Level 3.0 Short Blades
 + Level 4.7 Dodging
 + Level 2.9 Stealth
 * Level 6.7 Evocations


You had 4 spell levels left.
You didn't know any spells.
Your spell library was empty.

Dungeon Overview and Level Annotations

Branches:
Dungeon (4/15)
 Temple: D:4-7

Altars:
Fedhas

Annotations:
D:2 Jessica, Natasha


Innate Abilities, Weirdness & Mutations

You are very small and have problems with some larger weapons.
You are too small for most types of armour.
You have supernaturally acute eyesight. (SInv)
You are a herbivore.
You cover ground extremely quickly.
You need to consume almost no food.


Message History

The worker ant is severely wounded.
The worker ant misses you.
You barely miss the worker ant.
The worker ant is severely wounded.
The worker ant barely misses you.
You hit the worker ant.
The worker ant is severely wounded.
The worker ant closely misses you. The worker ant misses you.
You hit the worker ant. You drain the worker ant!
You kill the worker ant!
You hit the orc wizard. You drain the orc wizard!
The orc wizard is heavily wounded.
The orc wizard misses you.
The orc throws a stone.
The stone misses the orc wizard.
The stone misses you. The orc wizard hits you with a dagger.
* * * LOW HITPOINT WARNING * * *
You hit the orc wizard. You drain the orc wizard!
You kill the orc wizard!
Your Short Blades skill increases to level 3!
The orc throws a stone.
The stone hits you.
* * * LOW HITPOINT WARNING * * *
You see here a stone.
Evoke which item? (* to show all) (? for menu, Esc to quit)
Aiming: Random Effects
Press: ? - help, Shift-Dir - straight line, f - orc
Aim: an orc, wielding a hand axe and wearing a ring mail The orc seems to speed up.
The orc throws a stone.
The stone misses you.
Evoke which item? (* to show all) (? for menu, Esc to quit)
Aiming: Random Effects
Press: ? - help, Shift-Dir - straight line, f/p - orc
Aim: an orc, wielding a hand axe and wearing a ring mail (fast)
The puff of flame hits the orc.
You kill the orc!
Evoke which item? (* to show all) (? for menu, Esc to quit)
Aiming: Random Effects
Press: ? - help, Shift-Dir - straight line, f - orc
Aim: an orc, wielding a hand axe The orc flickers and vanishes for a moment.
Evoke which item? (* to show all) (? for menu, Esc to quit)
Aiming: Random Effects
Press: ? - help, Shift-Dir - straight line, f/p - orc
Aim: an orc, wielding a hand axe (slightly transparent)
The orc appears confused.
Evoke which item? (* to show all) (? for menu, Esc to quit)
Aiming: Random Effects
Press: ? - help, Shift-Dir - straight line, f/p - orc
Aim: an orc, wielding a hand axe (confused, slightly transparent)
The orc looks slightly unstable.
The orc disappears!
An orc wizard comes into view. It is wielding a dagger.
Evoke which item? (* to show all) (? for menu, Esc to quit)
Aiming: Random Effects
Press: ? - help, Shift-Dir - straight line, f - orc wizard
Aim: an orc wizard, wielding a dagger and wearing a robe The orc wizard seems to speed up.
Evoke which item? (* to show all) (? for menu, Esc to quit)
Aiming: Random Effects
Press: ? - help, Shift-Dir - straight line, f/p - orc wizard
Aim: an orc wizard, wielding a dagger and wearing a robe (fast)
The puff of frost hits the orc wizard.
The orc wizard is moderately wounded.
The orc wizard gestures at you while chanting.
The magic dart hits you!
You die...

### # ### ##.#######
#.#.. # #.......)#
#.#.##o#####
##.#####.#
#(...).o...# #.#
#.##########(##.###.#
#.# #...((..@.)o.# #
#.# ##############
#.# #.# #.#
#.#########
#.#.......#
#...#####.# ###.#
#.########


You could see an orc wizard.

Vanquished Creatures
  A howler monkey (D:4)
  An orc priest (D:4)
  2 orc wizards (D:4)
  3 worker ants (D:4)
  An adder (D:2)
  A dart slug (D:4)
  2 leopard geckos
  3 orcs (D:4)
  3 goblins
  3 hobgoblins
  7 jackals
  A quokka (D:4)
  A ball python (D:4)
  2 bats
  3 frilled lizards
  2 kobolds (D:2)
  3 rats (D:2)
39 creatures vanquished.

Notes
Turn   | Place    | Note
-------+----------+-------------------------------------------
     0 | D:1      | Amnesiac the Spriggan Artificer began the quest for the Orb.
     0 | D:1      | Reached XP level 1. HP: 9/9 MP: 4/4
   157 | D:2      | Reached skill level 1 in Fighting
   213 | D:2      | Noticed Jessica
   323 | D:2      | Reached XP level 2. HP: 14/14 MP: 6/6
   328 | D:2      | Noticed Natasha
   418 | D:2      | Found a blossoming altar of Fedhas.
   570 | D:3      | Reached skill level 5 in Evocations
   678 | D:3      | Reached XP level 3. HP: 17/18 MP: 7/7
   946 | D:4      | Reached XP level 4. HP: 19/22 MP: 7/9
   959 | D:4      | Reached skill level 6 in Evocations
  1158 | D:4      | Reached XP level 5. HP: 24/25 MP: 10/10
  1199 | D:4      | Killed from afar by an orc wizard

Vault maps used:
D:1:      giann_forest_graveyard
D:2:      overflow_temple_1_default, serial_co_window_serial,
          co_window_of_opportunity_a, co_window_paths_a, co_window_paths_a,
          co_window_corner_a, co_window_paths_b, co_window_corner_a,
          co_window_cross_4, co_window_2corner, co_window_corner_cb,
          co_window_corner_ca, co_window_4corner_a, co_window_sun, first_ration,
          uniq_natasha, uniq_jessica
D:3:      kennysheep_slug_shrine
D:4:      minmay_crystal_room, minmay_unequal

Skill      XL: |  1  2  3  4  5 |
---------------+----------------+-----
Fighting       | 1 |  1.0
Evocations     | 5 6 |  6.7
Dodging        | 4 |  4.7
Short Blades   | 2 3 |  3.0
Stealth        | 2 |  2.9

Action                   |  1- 3 |  4- 6 || total
-------------------------+-------+-------++-------
Melee: Short sword       |    31 |    52 ||    83
 Fire: Hunting sling     |    67 |       ||    67
Evoke: Wand              |       |     7 ||     7
 Stab: Sleeping          |     2 |       ||     2
Armor: Robe              |    11 |     3 ||    14
Dodge: Dodged            |    60 |    39 ||    99

Table legend:
 A = Spawn XP
 B = Non-spawn XP
 C = Spawn XP percentage of total XP
 D = Spawn monster count
 E = Non-spawn monster count
 F = Spawn count percentage of total count
 G = Total turns spent on level
                    A         B        C        D         E        F      G
               +---------+---------+-------+---------+---------+-------+---------
         Total |       0 |     348 |   0.0 |       0 |      39 |   0.0 |  1199
               +---------+---------+-------+---------+---------+-------+---------
           D:1 |       0 |       4 |   0.0 |       0 |       2 |   0.0 |   130
           D:2 |       0 |      30 |   0.0 |       0 |      13 |   0.0 |   456
           D:3 |       0 |      17 |   0.0 |       0 |       8 |   0.0 |   280
           D:4 |       0 |     297 |   0.0 |       0 |      16 |   0.0 |   333
               +---------+---------+-------+---------+---------+-------+---------
